 Dungeon Crawl Stone Soup version 0.31-a0-636-ge1c0e020e0 (webtiles) character file.

Game seed: 8142296793010201338

1084 NotreDorf the Grave Robber (level 8, -3/60 HPs)
             Began as a Mummy Necromancer on Aug 26, 2023.
             Slain by a wight
             ... wielding a +4 flail
              (5 damage)
             ... on level 6 of the Dungeon.
             The game lasted 00:30:09 (4640 turns).

NotreDorf the Grave Robber (Mummy Necromancer)      Turns: 4640, Time: 00:30:09

Health: -3/60      AC: 12    Str: 14    XL:     8   Next: 8%
Magic:  15/16      EV: 13    Int: 16    God:
Gold:   267        SH:  0    Dex: 12    Spells: 8/18 levels left

rFire   x . .        n - +3 scimitar of Zecs {protect, Drain rN+ Str+2}
rCold   + . .        (no shield)
rNeg    + + +        a - +0 robe
rPois   ∞            (no helmet)
rElec   .            f - +2 cloak
rCorr   .            (no gloves)
SInv    .            (no boots)
Will    +....        t - amulet of magic regeneration
Stlth   ++           (no ring)
HPRegen 0.30/turn    (no ring)
MPRegen 0.55/turn

%: faith
@: under a protective aura
A: cold resistance 1, negative energy resistance 3, torment resistance 2, heat
vulnerability 1, in touch with death 1, no potions, faith
a: no special abilities


You were on level 6 of the Dungeon.
You visited 1 branch of the dungeon, and saw 6 of its levels.
You also visited: Sewer.

You collected 428 gold pieces.
You spent 161 gold pieces at shops.

Inventory:

Hand Weapons
 g - a +2 short sword of venom
 j - a +0 flail
 n - the +3 scimitar of Zecs (weapon) {protect, Drain rN+ Str+2}
   (You took it off a kobold on level 4 of the Dungeon)

   Str+2:     It affects your strength (+2).
   rN+:       It protects you from negative energy.
   Drain:     It drains your maximum health when unequipped.
Missiles
 b - 8 poisoned darts
Armour
 a - a +0 robe (worn)
 f - a +2 cloak (worn)
Jewellery
 o - a ring of protection from cold
 t - an amulet of magic regeneration (around neck)
Scrolls
 c - 4 scrolls of teleportation
 d - a scroll of enchant weapon
 e - a scroll of fear
 h - 2 scrolls of fog
 i - a scroll of brand weapon
 l - a scroll of vulnerability {unknown}
 m - 2 scrolls of revelation
 r - a scroll of poison {unknown}
 s - a scroll of blinking {unknown}
 u - a scroll of summoning {unknown}
 v - a scroll of enchant armour
 w - a scroll of amnesia


   Skills:
 + Level 4.0 Fighting
 + Level 3.8 Dodging
 - Level 1.5 Stealth
 + Level 5.7 Spellcasting
 + Level 3.2 Summonings
 + Level 5.8 Necromancy


You had 8 spell levels left.
You knew the following spells:

 Your Spells              Type           Power      Damage    Failure   Level
a - Necrotise             Necr           100%       1d9       1%          1
b - Summon Small Mammal   Summ           56%        N/A       3%          1
c - Vampiric Draining     Necr           34%        2d8       3%          3
d - Agony                 Necr           34%        N/A       34%         5

Your spell library contained the following spells:

 Spells                   Type           Power      Damage    Failure   Level
 Call Canine Familiar     Summ           14%        N/A       12%         3
 Animate Dead             Necr           34%        N/A       13%         4
 Lesser Beckoning         Tloc           8%         N/A       22%         2
 Summon Guardian Golem    Hex/Summ       9%         N/A       22%         3
 Gell's Gravitas          Tloc           4%         N/A       38%         3
 Teleport Other           Tloc           4%         N/A       38%         3
 Summon Hydra             Summ           7%         N/A       100%        7
 Sublimation of Blood     Necr           Unusable   N/A       N/A         2
 Wereblood                Tmut           Unusable   N/A       N/A         2

Dungeon Overview and Level Annotations

Branches:
Dungeon (6/15)              Sewer (visited)
 Temple: D:4-7

Altars:

Shops:
D:2 ?


Innate Abilities, Weirdness & Mutations

You are immune to poison.
Your flesh is cold resistant. (rC+)
You are immune to negative energy. (rN+++)
You are immune to unholy pain and torment.
You are vulnerable to heat. (rF-)
You are in touch with the powers of death.
You do not drink.
You have a special connection with the divine. (Faith)


Message History

You barely miss the wight.
The wight is lightly damaged.
The wight barely misses you. x2
You completely miss the wight.
The wight is lightly damaged.
The wight closely misses you.
You hit the wight.
The wight is moderately damaged.
The wight hits you with a +3 falchion! The wight hits you but does no damage.
You hit the wight but do no damage.
The wight is moderately damaged.
The wight barely misses you.
You barely miss the wight.
The wight is moderately damaged.
The wight hits you but does no damage.
You slash the wight!
The wight is almost destroyed.
The wight closely misses you. The wight misses you.
You hit the wight.
You destroy the wight!
You barely miss the wight. The wight hits you with a +4 flail!
The wight hits you with a +4 flail.
You hit the wight but do no damage. The wight barely misses you.
You hit the wight. Your punch misses the wight.
The wight is moderately damaged.
The wight hits you with a +4 flail!
* * * LOW HITPOINT WARNING * * *
You barely miss the wight.
The wight is moderately damaged.
The wight hits you with a +4 flail!
* * * LOW HITPOINT WARNING * * *
The wight hits you with a +4 flail!
* * * LOW HITPOINT WARNING * * *
Okay, then.
Sorry, you're not good enough to have a special ability.
Sorry, you're not good enough to have a special ability.
Casting: Necrotise (safe; 1% risk of failure)
Confirm with . or Enter, or press ? or * to list all spells.
The wight hits you with a +4 flail.
You die...

.#########
.........#
########.#
##############.#
...............#
#############..##
# #.#.##### ####
#.###@...# ...#
## #z###.....
.... .r. ###
.#.... .....
.#..## #.#### .#
... # .#..#.
.#..# ....#


You could see a wight (ally target) and a friendly quokka (summoned).

Vanquished Creatures
  An ice beast (D:6)
  3 ogres
  A phantom (D:5)
  A bullfrog (D:6)
  A scorpion (D:5)
  2 wights (D:6)
  An orc priest (D:4)
  A gnoll bouda (D:5)
  2 jellies
  A hell rat (Sewer)
  An orc wizard (D:3)
  An iguana (D:5)
  11 gnolls (D:5)
  3 river rats (Sewer)
  A shadow imp (D:5)
  A white imp (D:5)
  A dart slug (D:3)
  15 orcs
  6 ball pythons
  3 endoplasms
  5 giant cockroaches (D:4)
  2 goblins
  9 hobgoblins
  7 quokkas
  4 bats
  2 frilled lizards (D:1)
  4 kobolds
  8 rats
98 creatures vanquished.

Vanquished Creatures (collateral kills)
  An orc wizard (D:3)
  2 orcs (D:3)
  A hobgoblin (D:1)
  A ball python (D:1)
  2 rats (D:1)
7 creatures vanquished.

Grand Total: 105 creatures vanquished

Notes
Turn   | Place    | Note
-------+----------+-------------------------------------------
     0 | D:1      | NotreDorf the Mummy Necromancer began the quest for the
                  | Orb.
     0 | D:1      | Reached XP level 1. HP: 13/13 MP: 4/4
   253 | D:1      | Reached XP level 2. HP: 20/20 MP: 3/5
   258 | D:1      | Learned a level 1 spell: Summon Small Mammal
   477 | D:1      | Reached skill level 1 in Fighting
  1089 | D:2      | Gained mutation: You are in touch with the powers of death.
                  | [Mummy growth]
  1089 | D:2      | Reached XP level 3. HP: 25/26 MP: 5/7
  1093 | D:2      | Learned a level 3 spell: Vampiric Draining
  1319 | D:2      | Found Peyh Sao's Magic Scroll Emporium.
  1327 | D:2      | Bought a scroll of brand weapon for 133 gold pieces
  1327 | D:2      | Bought a scroll of identify for 28 gold pieces
  2008 | D:3      | Reached XP level 4. HP: 32/32 MP: 5/9
  2254 | D:3      | Reached skill level 1 in Summonings
  2648 | D:4      | Identified the +3 scimitar of Zecs {protect, Drain rN+
                  | Str+2}
  2675 | D:4      | Reached XP level 5. HP: 34/38 MP: 3/10
  2831 | D:4      | Found a glowing drain.
  2848 | Sewer    | Entered a sewer
  3434 | D:4      | Learned a level 5 spell: Agony
  3461 | D:5      | Entered Level 5 of the Dungeon
  3481 | D:5      | Noticed an ogre
  3496 | D:5      | Killed an ogre
  3497 | D:5      | Reached XP level 6. HP: 9/46 MP: 0/12
  3713 | D:5      | Reached skill level 5 in Necromancy
  3763 | D:5      | Reached XP level 7. HP: 26/52 MP: 11/14
  3955 | D:5      | Reached skill level 5 in Spellcasting
  4629 | D:6      | Reached XP level 8. HP: 51/60 MP: 16/16
  4639 | D:6      | HP: 2/60 [wight/+4 flail (10)]
  4640 | D:6      | Slain by a wight

Illustrated notes

Levels and vault maps discovered:
D:1:      minmay_arrival_doors, layout_basic, serial_glass, glass_columns_b,
          glass_columns_c, grunt_decor_one_mirror
D:2:      layout_loops_cross, serial_shops, shop, serial_bayou_ford_a,
          chequers_serial_rivers_marsh
D:3:      layout_basic, kennysheep_generic_room_8
D:4:      layout_loops_ring, gup_sewer_entry_pipe
D:5:      layout_cave_pools
D:6:      layout_loops_ring, hangedman_decor_lopped, uniq_grinder, uniq_sigmund

Skill      XL: |  1  2  3  4  5  6  7 |
---------------+----------------------+-----
Spellcasting   | 3 4 5 |  5.7
Fighting       | 1 2 3 4 |  4.0
Dodging        | 2 3 |  3.8
Summonings     | 1 2 3 |  3.2
Necromancy     | 5 |  5.8
Stealth        | |  1.5

Action                     |  1- 3 |  4- 6 |  7- 9 || total
---------------------------+-------+-------+-------++-------
  Melee: Unarmed           |     3 |       |       ||     3
         Club              |    12 |       |       ||    12
         Short sword       |     6 |    15 |       ||    21
         Scimitar          |       |    77 |    62 ||   139
  Throw: Dart              |       |       |     5 ||     5
   Cast: Necrotise         |    56 |    54 |    23 ||   133
         Summon Small Mamm |     3 |     2 |     1 ||     6
         Vampiric Draining |       |     1 |     1 ||     2
    Use: Scroll            |     4 |     6 |     2 ||    12
   Stab: Sleeping          |       |     2 |       ||     2
 Armour: Robe              |     7 |    35 |    18 ||    60
  Dodge: Dodged            |    35 |    62 |    45 ||   142

Table legend: (Time is in decaauts)
 A = Elapsed time spent in this place.
 B = Non-inter-level travel time spent in this place.
 C = Inter-level travel time spent in this place.
 D = Time resting spent in this place.
 E = Time spent auto-exploring this place.
 F = Levels seen in this place.
 G = Mean time per level.
                   A        B        C        D        E       F      G
               +--------+--------+--------+--------+--------+-----+--------+
         Total |   4722 |   4590 |    132 |    356 |   3153 |   7 |  674.6 |
       Dungeon |   4570 |   4438 |    132 |    356 |   3090 |   6 |  761.7 |
         Sewer |    152 |    152 |      0 |      0 |     62 |   1 |  152.0 |
               +--------+--------+--------+--------+--------+-----+--------+

Top non-repeatable levels by time:
     D:3: 1100 daAuts
     D:5: 959 daAuts
     D:1: 871 daAuts
     D:4: 828 daAuts
     D:2: 668 daAuts
   Sewer: 152 daAuts
     D:6: 141 daAuts
